 Dungeon Crawl Stone Soup version 0.23.0 (webtiles) character file.

Game seed: 3651530141240227834

7175 LostNumber the Archer (level 10, -19/93 HPs)
             Began as a Centaur Hunter on Feb 10, 2019.
             Was an Elder of Okawaru.
             Demolished by Snorg (28 damage)
             ... on level 10 of the Dungeon.
             The game lasted 00:32:30 (11230 turns).

LostNumber the Archer (Centaur Hunter)             Turns: 11230, Time: 00:32:31

Health: -19/93     AC:  5    Str: 26    XL:     10   Next: 86%
Magic:  16/16      EV:  9    Int: 10    God:    Okawaru [****..]
Gold:   504        SH:  0    Dex: 10    Spells: 9/9 levels left

rFire    . . .     SeeInvis +   a - +1 shortbow
rCold    . . .     Gourm    .   (shield currently unavailable)
rNeg     . . .     Faith    .   O - +0 troll leather armour
rPois    .         Spirit   .   (no helmet)
rElec    .         Reflect  .   (no cloak)
rCorr    .         Harm     .   (no gloves)
MR       +....                  (no barding)
Stlth    +.........             (no amulet)
HPRegen  0.65/turn              J - ring "Ciasae" {+Fly Str+5 SInv}
MPRegen  0.15/turn              L - ring of Qeifef {MR+ Str+3}

@: very quick
A: large, hooves 3, deformed body, speed 2, tough skin 3
a: Heroism, Renounce Religion, Evoke Flight


You were on level 10 of the Dungeon.
You worshipped Okawaru.
Okawaru was greatly pleased with you.
You were not hungry.

You visited 2 branches of the dungeon, and saw 11 of its levels.

You collected 504 gold pieces.

Inventory:

Hand Weapons
 a - a +1 shortbow (weapon)
 b - a +5 hand axe
   (You took it off an orc on level 7 of the Dungeon)
 s - a +0 short sword of protection
   (You took it off a kobold on level 2 of the Dungeon)
 D - a +0 short sword
Missiles
 d - 197 arrows (quivered)
 w - 2 throwing nets {!f}
Armour
 c - a +0 leather armour
 p - a +0 ring mail
   (You found it on level 2 of the Dungeon)
 G - a +0 plate armour
   (You took it off an orc warrior on level 6 of the Dungeon)
 O - a +0 troll leather armour (worn)
   (You found it on level 9 of the Dungeon)
Jewellery
 g - an uncursed ring of ice
   (You found it on level 1 of the Dungeon)
 H - a +2 ring of intelligence
   (You found it on level 8 of the Dungeon)
 J - the ring "Ciasae" (left hand) {+Fly Str+5 SInv}
   (You found it on level 8 of the Dungeon)

   [ring of flight]

   It affects your strength (+5).
   It lets you see invisible.
   It lets you fly.
 K - a +2 ring of strength
   (You found it on level 9 of the Dungeon)
 L - the ring of Qeifef (right hand) {MR+ Str+3}
   (You found it on level 9 of the Dungeon)

   [ring of strength]

   It affects your strength (+3).
   It affects your resistance to hostile enchantments.
Wands
 v - a wand of digging (12)
   (You found it on level 4 of the Dungeon)
 x - a wand of acid (2)
   (You found it on level 10 of the Dungeon)
 C - a wand of enslavement (6)
   (You found it on level 6 of the Dungeon)
Scrolls
 f - 10 scrolls of teleportation {@r4}
 h - 4 scrolls of fog
 i - a scroll of enchant weapon {unknown}
 l - 5 scrolls of remove curse {@r2}
 m - 4 scrolls of amnesia
 n - a scroll of enchant armour {unknown}
 o - a scroll of random uselessness {unknown}
 r - a scroll of magic mapping {unknown}
 y - 3 scrolls of blinking {unknown}
 z - a scroll of fear {unknown}
 B - a scroll of acquirement {unknown}
 N - a scroll of immolation {unknown}
Potions
 j - 6 potions of curing {@q1}
 k - 3 potions of agility
 q - 2 potions of resistance
 t - 2 potions of lignification {!q}
 u - 2 potions of heal wounds {@q2}
 A - a potion of flight
 E - 2 potions of brilliance {unknown}
 F - a potion of degeneration {unknown}
 I - a potion of ambrosia {unknown}
 M - a potion of invisibility {unknown}
 Q - 4 potions of haste {@q3}
Comestibles
 e - 22 rations {!d}
 P - 21 chunks of flesh


   Skills:
 * Level 10.0 Fighting
 - Level 14.0 Bows
 + Level 3.2 Armour
 - Level 1.3 Dodging
 - Level 0.4 Stealth
 + Level 8.1 Invocations


You had 9 spell levels left.
You didn't know any spells.
Your spell library contained the following spells:

 Spells                   Type           Power        Failure   Level  Hunger
 Animate Skeleton         Necr           N/A          38%         1    ##.....
 Apportation              Tloc           #.....       38%         1    ##.....
 Confusing Touch          Hex            #.....       38%         1    ##.....
 Summon Small Mammal      Summ           #...         38%         1    ##.....


Dungeon Overview and Level Annotations

Branches:
Dungeon (10/15)            Temple (1/1) D:5
   Lair: D:8-11         Orc: D:9-12

Altars:
Ashenzari
Cheibriados
Dithmenos
Elyvilon
Fedhas
Gozag
Kikubaaqudgha
Makhleb
Nemelex Xobeh
Okawaru
Qazlal
Ru
Sif Muna
Uskayaw
Vehumet
Wu Jian
Xom
Yredelemnul
Zin
The Shining One

Shops:
D:5 %   D:6 (   D:9 *

Annotations:
D:10 Snorg


Innate Abilities, Weirdness & Mutations

You have hooves in place of feet.
Armour fits poorly on your strangely shaped body.
You cover ground very quickly.
You have extremely tough skin. (AC +3)


Message History

Aim: Snorg (moderately wounded, covered in acid)
You shoot an arrow. The arrow hits Snorg!
Snorg bites you. Snorg claws you. Snorg barely misses you.
Firing (i - inventory. (/) - cycle)
d - 203 arrows (quivered)
Aim: Snorg (moderately wounded, covered in acid)
You shoot an arrow. The arrow hits Snorg!
Snorg completely misses you. Snorg claws you. x2
Firing (i - inventory. (/) - cycle)
d - 202 arrows (quivered)
Aim: Snorg (heavily wounded, covered in acid)
You shoot an arrow. The arrow hits Snorg.
An iguana comes into view.
Firing (i - inventory. (/) - cycle)
d - 201 arrows (quivered)
Aim: Snorg (heavily wounded, covered in acid)
You shoot an arrow. The iguana hisses angrily.
The arrow hits Snorg.
Snorg bites you! Snorg closely misses you. Snorg claws you!
Firing (i - inventory. (/) - cycle)
d - 200 arrows (quivered)
Aim: Snorg (heavily wounded, covered in acid)
You shoot an arrow. The arrow hits Snorg.
Firing (i - inventory. (/) - cycle)
d - 199 arrows (quivered)
Aim: Snorg (heavily wounded, covered in acid)
You shoot an arrow. The arrow hits Snorg!
Snorg goes berserk!
Firing (i - inventory. (/) - cycle)
d - 198 arrows (quivered)
Aim: Snorg (severely wounded, berserk, fast, unusually strong, covered in acid)
You shoot an arrow. The arrow hits Snorg!
Snorg bites you. Snorg claws you!
* * * LOW HITPOINT WARNING * * *
Snorg claws you!
* * * LOW HITPOINT WARNING * * *
Okay, then.
Unknown command.
Unknown command.
Unknown command.
Unknown command.
Snorg rages.
Snorg bites you!
* * * LOW HITPOINT WARNING * * *
Snorg misses you. Snorg claws you!
* * * LOW HITPOINT WARNING * * *
Things that are here:
a +0 giant club; an ogre skeleton You feel like a meek peon again.
Things that are here:
a +1 long sword of pain; a +0 chain mail; the orc skeleton of Urug Snorg rages.
There is a stone staircase leading down here.
Snorg is no longer covered in acid.
Snorg rages.
Snorg bites you!!
You die...

#.# #<# #.# ##.# #.# ?..#
.# #.# ...# .# #.#########
..[##.#####.#.......######
............#)#####.......
......######)...@T..#.#
#(.l# ###..#####...# #...#
#(......>..### ....#
#)#.##.##### #.(.#
#.#.##.# #...# #.#....#
#...# #.###..#
#...######)###..#
................#


You could see Snorg (berserk).

Vanquished Creatures
  A two-headed ogre (D:9)
  Urug (D:10)
  A troll (D:9)
  A hornet (D:9)
  5 yaks (D:9)
  3 orc warriors
  4 sky beasts
  4 ice beasts
  3 phantoms
  2 black bears
  A necrophage (D:8)
  5 centaurs
  8 ogres
  A big kobold (D:9)
  A wyvern zombie (D:9)
  Blork the orc (D:4)
  A gnoll sergeant (D:7)
  3 bullfrogs
  2 scorpions (D:8)
  5 crimson imps
  5 orc priests
  A jelly (D:9)
  A centaur skeleton (D:6)
  6 hounds
  13 orc wizards
  2 iguanas (D:4)
  10 worker ants
  A killer bee zombie (D:6)
  2 hound zombies
  A hound skeleton (D:6)
  2 worker ant zombies
  6 adders
  15 gnolls
  2 howler monkey skeletons
  A shadow imp (D:7)
  3 worms
  5 dart slugs
  3 leopard geckos
  46 orcs
  A ball python (D:5)
  8 bats
  17 giant cockroaches
  6 goblins
  6 hobgoblins
  5 jackals
  12 kobolds
  A quokka (D:6)
  4 frilled lizards
  2 leopard gecko zombies
  A quokka skeleton (D:4)
  7 rats
248 creatures vanquished.

Notes
Turn   | Place    | Note
-------+----------+-------------------------------------------
     0 | D:1      | LostNumber the Centaur Hunter began the quest for the Orb.
     0 | D:1      | Reached XP level 1. HP: 17/17 MP: 1/1
   185 | D:1      | Reached XP level 2. HP: 22/24 MP: 2/2
   568 | D:1      | Reached skill level 6 in Bows
   872 | D:2      | You fall through a shaft for 2 floors!
   916 | D:4      | Reached XP level 3. HP: 7/30 MP: 3/3
  1251 | D:3      | Reached XP level 4. HP: 29/37 MP: 4/4
  1472 | D:3      | Noticed a water elemental
  1478 | D:3      | Found a stormy altar of Qazlal.
  1481 | D:3      | Noticed an earth elemental
  1481 | D:3      | Noticed a fire elemental
  1481 | D:3      | Noticed an air elemental
  1490 | D:3      | Reached skill level 7 in Bows
  1772 | D:2      | Reached XP level 5. HP: 33/45 MP: 5/5
  2567 | D:2      | Reached skill level 8 in Bows
  2720 | D:2      | Found a radiant altar of Vehumet.
  2720 | D:2      | Found a hide-covered altar of Uskayaw.
  2720 | D:2      | Found a white marble altar of Elyvilon.
  2732 | D:2      | Found a shimmering altar of Xom.
  2845 | D:3      | Noticed an ice beast
  2942 | D:2      | Killed an ice beast
  2942 | D:2      | Reached XP level 6. HP: 49/52 MP: 6/6
  3128 | D:3      | Found a sparkling altar of Nemelex Xobeh.
  3337 | D:4      | Reached skill level 9 in Bows
  3946 | D:5      | Entered Level 5 of the Dungeon
  4034 | D:5      | Found a staircase to the Ecumenical Temple.
  4051 | Temple   | Entered the Ecumenical Temple
  4060 | Temple   | Became a worshipper of Warmaster Okawaru
  4258 | D:4      | Noticed Blork the orc
  4270 | D:4      | Killed Blork the orc
  4270 | D:4      | Reached XP level 7. HP: 46/60 MP: 7/7
  4359 | D:4      | Reached skill level 10 in Bows
  4359 | D:4      | Reached skill level 1 in Invocations
  4599 | D:5      | Reached * piety under Okawaru
  4599 | D:5      | Reached skill level 5 in Fighting
  5038 | D:5      | Found Lonuq's Food Shop.
  5506 | D:5      | Found a shadowy altar of Dithmenos.
  5890 | D:6      | Reached XP level 8. HP: 41/69 MP: 6/10
  5900 | D:6      | Reached skill level 11 in Bows
  6276 | D:6      | Found a sacrificial altar of Ru.
  6352 | D:6      | Reached ** piety under Okawaru
  6352 | D:6      | Reached skill level 12 in Bows
  6720 | D:6      | Found Hyarghox's Antique Weapon Shoppe.
  6936 | D:7      | Reached XP level 9. HP: 76/78 MP: 12/12
  7713 | D:7      | Reached skill level 5 in Invocations
  8146 | D:7      | Reached skill level 13 in Bows
  8853 | D:8      | Got a twitching lapis lazuli ring
  8864 | D:8      | Identified the ring "Ciasae" {+Fly Str+5 SInv} (You found
                  | it on level 8 of the Dungeon)
  9375 | D:8      | Reached *** piety under Okawaru
  9428 | D:8      | Reached skill level 14 in Bows
  9499 | D:9      | Noticed a troll
  9521 | D:9      | Killed a troll
  9765 | D:9      | Reached XP level 10. HP: 88/88 MP: 14/14
  9788 | D:9      | Reached skill level 1 in Armour
  9856 | D:9      | Reached **** piety under Okawaru
 10107 | D:9      | Paralysed by a hornet for 1 turns
 10415 | D:9      | Got a twitching amber ring
 10430 | D:9      | Identified the ring of Qeifef {MR+ Str+3} (You found it on
                  | level 9 of the Dungeon)
 10627 | D:9      | Found Gozag's Platinum Reserve.
 10627 | D:9      | Found an opulent altar of Gozag.
 10658 | D:9      | Noticed a two-headed ogre
 10677 | D:9      | Killed a two-headed ogre
 10935 | D:10     | Entered Level 10 of the Dungeon
 11011 | D:10     | Noticed Urug
 11048 | D:10     | Killed Urug
 11048 | D:10     | Received a gift from Okawaru
 11048 | D:10     | Reached skill level 10 in Fighting
 11192 | D:10     | Noticed Snorg
 11213 | D:10     | HP: 2/93 [Snorg (7)]
 11230 | D:10     | Demolished by Snorg

Skill      XL: |  1  2  3  4  5  6  7  8  9 10 |
---------------+-------------------------------+-----
Bows           | 6 7 8 9 10 12 14 | 14.0
Fighting       | 3 4 5 6 7 10 | 10.0
Invocations    | 2 4 6 8 |  8.1
Armour         | 3 |  3.2
Dodging        | |  1.3
Stealth        | |  0.4

Action                   |  1- 3 |  4- 6 |  7- 9 | 10-12 || total
-------------------------+-------+-------+-------+-------++-------
Melee: Short sword       |    80 |   265 |   127 |       ||   472
       Kick              |    14 |    43 |    32 |       ||    89
       Hand axe          |       |       |     1 |       ||     1
       Shortbow          |       |       |     1 |       ||     1
 Fire: Shortbow          |    21 |    68 |   421 |   250 ||   760
Invok: Heroism           |       |       |    10 |     4 ||    14
Evoke: Wand              |       |       |       |     2 ||     2
  Use: Scroll            |       |       |     8 |     3 ||    11
       Potion            |       |       |     1 |       ||     1
  Eat: Chunk             |       |     9 |    14 |     3 ||    26
Armor: Leather armour    |    31 |       |       |       ||    31
       Ring mail         |     9 |   174 |    93 |       ||   276
       Skin              |       |       |     3 |       ||     3
       Troll leather arm |       |       |       |    14 ||    14
Dodge: Dodged            |    36 |   141 |    98 |    33 ||   308
